 Dungeon Crawl Stone Soup version 0.28.0-1-gb440e238dd (console) character file.

Game seed: 17933470607272170097

507 CannotBeFrozen the Changer (level 6, 0/47 HPs)
             Began as a Demigod Transmuter on Feb 19, 2022.
             Slain by a centaur warrior zombie (1 damage)
             ... on level 5 of the Dungeon.
             The game lasted 00:17:41 (5188 turns).

CannotBeFrozen the Changer (Demigod Transmuter)     Turns: 5188, Time: 00:17:42

Health: 0/47       AC:  3    Str: 19    XL:     6   Next: 65%
Magic:  15/15      EV: 12    Int: 15    God:
Gold:   143        SH:  0    Dex: 14    Spells: 3/13 levels left

rFire   . . .      SeeInvis .   b - +2 whip (drain)
rCold   . . .      Faith    .   (no shield)
rNeg    + . .      Spirit   .   j - +0 leather armour
rPois   .          Reflect  .   (helmet currently unavailable)
rElec   .          Harm     .   (no cloak)
rCorr   .          Rampage  .   (no gloves)
Will    .....                   (boots currently unavailable)
Stlth   +.........              (no amulet)
HPRegen 0.15/turn               k - ring of positive energy
MPRegen 0.14/turn               (no ring)

@: mighty, appendages
A: talons 2, high MP 1, forlorn, divine attributes, horns 1, sense surroundings
1, no potion heal 1, MP-powered wands
a: End Transformation


You were on level 5 of the Dungeon.
You had temporarily grown beastly talons.
You visited 1 branch of the dungeon, and saw 5 of its levels.

You collected 143 gold pieces.

Inventory:

Hand Weapons
 b - a +2 whip of draining (weapon)
 i - a +1 dagger of venom
Missiles
 h - 159 stones (quivered)
Armour
 a - a +0 robe
 j - a +0 leather armour (worn)
 o - a +0 plate armour
 r - a +1 cloak
Jewellery
 k - a ring of positive energy (left hand)
Wands
 n - a wand of polymorph (5)
Scrolls
 e - 2 scrolls of identify {@r1}
 f - a scroll of immolation
 g - 2 scrolls of teleportation {@r2}
 l - a scroll of blinking
 q - a scroll of magic mapping {unknown}
Potions
 c - a potion of cancellation
 d - a potion of curing {@q1}
 p - a potion of brilliance {unknown}


   Skills:
 - Level 1.0 Fighting
 - Level 2.0 Armour
 - Level 1.8 Dodging
 - Level 4.0 Unarmed Combat
 - Level 4.0 Spellcasting
 + Level 4.1 Transmutations


You had 3 spell levels left.
You knew the following spells:

 Your Spells              Type           Power      Damage    Failure   Level
a - Beastly Appendage     Tmut           30%        N/A       3%          1
b - Wereblood             Tmut           15%        N/A       6%          2
c - Spider Form           Tmut/Pois      9%         N/A       26%         3
d - Ice Form              Ice/Tmut       9%         N/A       65%         4

Your spell library contained the following spells:

 Spells                   Type           Power      Damage    Failure   Level
 Corpse Rot               Necr/Air       6%         N/A       32%         2
 Poisonous Vapours        Pois/Air       6%         N/A       32%         2
 Portal Projectile        Hex/Tloc       6%         N/A       54%         3
 Blade Hands              Tmut           7%         N/A       71%         5
 Excruciating Wounds      Necr           1%         N/A       99%         5


Dungeon Overview and Level Annotations

Branches:
Dungeon (5/15)
 Temple: D:4-7

Shops:
D:3 [   D:5 :

Annotations:
D:3 1 runed translucent door, Crazy Yiuf
D:4 Duvessa


Innate Abilities, Weirdness & Mutations

You have temporarily grown beastly talons.
You have an increased reservoir of magic. (+10% MP)
You shall have no god before yourself.
Your divine heritage dramatically boosts your attributes as you level up.
You have a pair of small horns on your head.
You passively map a small area around you.
Potions are less effective at restoring your health.
You expend magic power (3 MP) to strengthen your wands.


Message History

* * * LOW HITPOINT WARNING * * *
HP: 18/47 (-1) ====-------- You hit the centaur warrior zombie.
You claw the centaur warrior zombie.
The centaur warrior zombie is moderately damaged.
The centaur warrior zombie hits you but does no damage.
The centaur warrior zombie kicks you.
* * * LOW HITPOINT WARNING * * *
HP: 17/47 (-1) ====-------- You barely miss the centaur warrior zombie.
The centaur warrior zombie is moderately damaged.
The centaur warrior zombie hits you!
* * * LOW HITPOINT WARNING * * *
The centaur warrior zombie closely misses you.
The centaur warrior zombie misses you.
The centaur warrior zombie barely misses you.
You hit the centaur warrior zombie. You claw the centaur warrior zombie.
You headbutt the centaur warrior zombie.
The centaur warrior zombie is heavily damaged.
The centaur warrior zombie hits you but does no damage.
The centaur warrior zombie kicks you.
* * * LOW HITPOINT WARNING * * *
HP: 5/47 (-3) =----------- You feel very mighty all of a sudden.
The centaur warrior zombie misses you. The centaur warrior zombie kicks you.
* * * LOW HITPOINT WARNING * * *
HP: 3/47 (-2) ------------ You whack the centaur warrior zombie!
The centaur warrior zombie is severely damaged.
The centaur warrior zombie closely misses you.
The centaur warrior zombie kicks you.
* * * LOW HITPOINT WARNING * * *
The centaur warrior zombie misses you.
The centaur warrior zombie closely misses you.
HP: 1/47 (-2) ------------
Okay, then.
You whack the centaur warrior zombie!
Your headbutt misses the centaur warrior zombie.
The centaur warrior zombie is severely damaged.
The centaur warrior zombie hits you.
You die...

,, #.............#....
.......#.............#....
....∩..#.............#....
,
.......#.............#....
.....!.#.............#....
,
..)....#.............#....
.......#......(......#....
.......#.............#....
* , **#Z@............#....
,* ≈ #.#######.....##....
* ≈ #.# #......†##.... , ≈
≈+.# #.#.....##.... ≈≈≈###
#.#####.##.... *
#.......##....
###.###.##.... #.##....
#.###.#.....


You could see a centaur warrior zombie.

Vanquished Creatures
  A sky beast (D:3)
  An ogre (D:5)
  Dowan (D:4)
  A howler monkey (D:5)
  A hound (D:5)
  A jelly (D:3)
  Terence (D:3)
  An orc wizard (D:4)
  2 hound skeletons
  5 adders
  A worm (D:4)
  4 dart slugs
  5 orcs
  5 endoplasms
  3 giant cockroaches
  7 goblins
  4 hobgoblins
  2 jackals (D:4)
  5 kobolds
  4 quokkas
  4 ball pythons
  3 bats
  4 frilled lizards
  2 rats (D:2)
68 creatures vanquished.

Notes
Turn   | Place    | Note
-------+----------+-------------------------------------------
     0 | D:1      | CannotBeFrozen the Demigod Transmuter began the quest for
                  | the Orb.
     0 | D:1      | Reached XP level 1. HP: 15/15 MP: 5/5
   107 | D:1      | Reached skill level 1 in Fighting
   689 | D:1      | Reached XP level 2. HP: 21/23 MP: 5/7
  1619 | D:2      | Reached XP level 3. HP: 27/28 MP: 6/8
  1648 | D:2      | Learned a level 2 spell: Wereblood
  1652 | D:2      | Learned a level 3 spell: Spider Form
  3056 | D:3      | Reached XP level 4. HP: 26/35 MP: 8/10
  3195 | D:3      | Gained mutation: You expend magic power (3 MP) to
                  | strengthen your wands. [potion of mutation]
  3195 | D:3      | Gained mutation: Potions are less effective at restoring
                  | your health. [potion of mutation]
  3195 | D:3      | Gained mutation: You passively map a small area around you.
                  | [potion of mutation]
  3195 | D:3      | Gained mutation: You have a pair of small horns on your
                  | head. [potion of mutation]
  3196 | D:3      | HP: 1/35 [adder (1)]
  3519 | D:3      | Noticed a sky beast
  3529 | D:3      | Killed a sky beast
  3530 | D:3      | Reached skill level 1 in Armour
  3530 | D:3      | Reached XP level 5. HP: 29/40 MP: 9/12
  3622 | D:3      | Noticed Terence
  3635 | D:3      | Killed Terence
  3644 | D:3      | Learned a level 4 spell: Ice Form
  3718 | D:3      | Found a runed translucent door.
  3719 | D:3      | Noticed Crazy Yiuf
  3894 | D:3      | Found Muokan's Armour Shoppe.
  4705 | D:4      | Noticed Duvessa
  4705 | D:4      | Noticed Dowan
  4761 | D:4      | Killed Dowan
  4762 | D:4      | Reached XP level 6. HP: 42/47 MP: 11/14
  4779 | D:5      | Entered Level 5 of the Dungeon
  5175 | D:5      | Found Veorre's Book Emporium.
  5187 | D:5      | HP: 1/47 [centaur warrior zombie (2)]
  5188 | D:5      | Slain by a centaur warrior zombie

Illustrated notes

Levels and vault maps discovered:
D:1:      dpeg_arrival_ternary, layout_loops_ring, serial_co_window_serial,
          co_window_cross_1, co_window_of_opportunity_a, co_window_paths_b,
          co_window_paths_a, co_window_paths_b, co_window_corner_a,
          co_window_broadway_a, co_window_of_opportunity_b,
          co_window_broadway_c, co_window_paths_d, co_window_paths_e,
          glass_columns_b, glass_columns_b
D:2:      layout_basic, basic_altar
D:3:      layout_rooms, serial_shops, shop_statue, minmay_misc_feat_alley,
          uniq_crazy_yiuf_cottage, uniq_terence
D:4:      layout_basic, mainiacjoe_overflow_24_doors, uniq_duvessa
D:5:      layout_basic, serial_shops, shop, chequers_serial_rivers_room_b,
          minmay_misc_feat_encased

Skill      XL: |  1  2  3  4  5  6 |
---------------+-------------------+-----
Fighting       | 1 |  1.0
Transmutations | 2 3 4 |  4.1
Spellcasting   | 2 3 4 |  4.0
Unarmed Combat | 3 4 |  4.0
Armour         | 1 2 |  2.0
Dodging        | |  1.8

Action                   |  1- 3 |  4- 6 || total
-------------------------+-------+-------++-------
Melee: Unarmed           |    61 |       ||    61
       Kick              |    15 |    20 ||    35
       Headbutt          |    10 |    15 ||    25
       Punch             |     2 |     5 ||     7
       Whip              |    30 |    87 ||   117
Throw: Stone             |    16 |    10 ||    26
 Cast: Beastly Appendage |    30 |    22 ||    52
  Use: Scroll            |       |     7 ||     7
       Potion            |       |     2 ||     2
 Stab: Sleeping          |     2 |     1 ||     3
Armor: Robe              |    10 |       ||    10
       Leather armour    |     3 |    14 ||    17
Dodge: Dodged            |    39 |    60 ||    99
